Map: Winter Madness LE

Players

LightStorm - Winner!

  • Race: Protoss Protoss
  • League: Diamond
  • Spawn Location: 5:00

HoldTheDoor

  • Race: Protoss Protoss
  • League: Diamond
  • Spawn Location: 11:00

VOD

Have the link to the VOD?

Description

Time

  • Played on: May 19, 2026, 11:09 a.m.
  • Length: 16:20
Show
View Real Time Build Order
Export as new Build Order

LightStorm Protoss - Winner!

Build Orders: Carriers 

Get SALT Encoding   

  12  0:00  Probe  
  13  0:13  Probe  
  14  0:19  Pylon  
  14  0:25  Probe  
  15  0:34  Probe  
  15  0:42  Probe  
  16  0:43  Gateway  
  16  0:47  Assimilator  
  17  0:52  Probe  
  18  1:01  Assimilator  
  19  1:04  Probe  
  19  1:16  Probe  
  20  1:19  Pylon  
  20  1:28  Probe  
  20  1:30  Cybernetics Core  
  21  1:54  Nexus  
  21  1:56  Probe  
  22  2:06  Stalker  
  22  2:08  Probe  
  25  2:19  Gateway, Warp Gate  
  25  2:23  Probe  
  26  2:36  Stalker  
  26  2:39  Shield Battery  
  28  2:45  Probe  
  29  2:56  Robotics Facility  
  29  3:00  Pylon  
  29  3:03  Probe  
  29  3:15  Probe x2  
  31  3:20  Stalker  
  31  3:23  Stalker  
  35  3:27  Probe  
  35  3:30  Probe  
  37  3:35  Immortal  
  38  3:45  Probe  
  41  3:51  Probe  
  41  3:53  Probe  
  41  3:55  Stalker  
  46  4:03  Probe  
  46  4:06  Probe  
  48  4:17  Stalker  
  50  4:24  Probe  
  50  4:25  Observer  
  52  4:33  Gateway  
  52  4:43  Probe x2  
  54  4:51  Pylon  
  54  4:58  Pylon  
  54  5:02  Pylon  
  54  5:03  Pylon  
  54  5:04  Assimilator  
  54  5:07  Assimilator  
  54  5:09  Observer, Probe x2  
  57  5:16  Stalker x2  
  57  5:21  Probe  
  57  5:27  Immortal  
  61  5:35  Probe x2  
  62  5:47  Probe  
  62  5:48  Probe  
  64  5:58  Nexus  
  64  5:59  Stargate  
  64  6:00  Probe x2  
  66  6:10  Observer  
  67  6:12  Probe x2  
  67  6:15  Pylon  
  69  6:18  Pylon  
  69  6:22  Assimilator  
  69  6:23  Gateway  
  69  6:24  Gateway, Probe x2  
  71  6:26  Assimilator  
  71  6:28  Twilight Council  
  71  6:30  Observer, Pylon  
  71  6:36  Probe x2  
  73  6:53  Phoenix  
  75  6:54  Probe x2  
  75  6:59  Stalker x3  
  83  7:06  Probe x2  
  85  7:18  Probe  
  85  7:19  Probe  
  87  7:30  Probe  
  87  7:31  Probe  
  89  7:37  Probe  
  89  7:43  Probe x2  
  92  7:49  Probe  
  92  7:51  Stalker x5  
  99  7:55  Probe x2  
  105  8:01  Probe  
  104  8:07  Probe x2  
  103  8:13  Probe  
  103  8:19  Probe x2  
  79  8:38  Stalker x5  
  83  8:42  Shield Battery  
  83  8:43  Charge  
  83  8:44  Shield Battery  
  83  8:47  Gateway  
  87  8:48  Void Ray  
  87  8:49  Gateway, Immortal  
  90  8:57  Probe x3  
  90  9:01  Shield Battery  
  93  9:03  Gateway  
  93  9:09  Probe x3  
  96  9:11  Stargate  
  96  9:15  Stargate  
  96  9:20  Pylon  
  96  9:21  Protoss Air Weapons Level 1  
  96  9:22  Pylon  
  96  9:26  Pylon  
  96  9:27  Forge  
  100  9:40  Void Ray  
  100  9:45  Probe x3  
  102  9:51  Nexus  
  102  9:52  Cybernetics Core  
  103  9:55  Assimilator  
  103  9:57  Assimilator  
  107  10:00  Fleet Beacon  
  107  10:01  Void Ray  
  111  10:08  Observer  
  111  10:10  Probe x2, Void Ray  
  111  10:12  Probe  
  115  10:16  Pylon  
  115  10:19  Pylon  
  115  10:22  Probe x2  
  115  10:27  Stargate  
  115  10:28  Void Ray  
  121  10:30  Probe  
  121  10:34  Probe x2  
  124  10:40  Photon Cannon  
  124  10:42  Photon Cannon, Probe  
  125  10:43  Gateway  
  125  10:44  Gateway  
  125  10:45  Shield Battery  
  125  10:46  Probe x2  
  125  10:48  Pylon  
  127  10:54  Probe, Flux Vanes  
  128  10:58  Probe x2  
  128  11:01  Photon Cannon  
  130  11:04  Photon Cannon  
  130  11:06  Probe  
  130  11:10  Probe  
  130  11:11  Photon Cannon  
  132  11:14  Photon Cannon  
  132  11:20  Carrier  
  132  11:21  Carrier  
  144  11:36  Carrier  
  150  11:44  Carrier  
  150  11:45  Nexus  
  150  11:46  Pylon  
  150  11:49  Pylon  
  150  11:52  Pylon  
  150  11:54  Pylon  
  150  11:55  Protoss Air Weapons Level 2  
  156  12:02  Protoss Shields Level 1  
  156  12:07  Probe x2  
  158  12:13  Photon Cannon  
  158  12:14  Protoss Air Armor Level 1, Photon Cannon  
  158  12:15  Carrier x2  
  158  12:16  Shield Battery  
  158  12:20  Assimilator  
  158  12:24  Assimilator  
  170  12:32  Observer, Carrier  
  171  12:39  Carrier  
  183  13:08  Probe x2  
  183  13:09  Stargate  
  183  13:11  Stargate  
  185  13:22  Photon Cannon  
  185  13:23  Photon Cannon  
  185  13:25  Photon Cannon  
  185  13:27  Shield Battery, Pylon  
  185  13:31  Photon Cannon  
  185  13:33  Photon Cannon  
  185  13:34  Mothership  
  185  13:35  Photon Cannon  
  185  13:36  Shield Battery  
  185  13:37  Shield Battery, Photon Cannon  
  185  13:39  Carrier  
  185  13:40  Photon Cannon  
  191  13:42  Shield Battery  
  191  13:46  Photon Cannon  
  199  13:58  Photon Cannon  
  199  13:59  Photon Cannon  
  199  14:04  Photon Cannon, Pylon  
  199  14:07  Pylon  
  199  14:13  Photon Cannon  
  199  14:14  Photon Cannon  
  199  14:15  Shield Battery  
  199  14:16  Pylon  
  191  14:37  Carrier x2  
  195  15:20  Nexus  
  195  15:21  Pylon  
  195  15:24  Pylon  
  195  15:26  Pylon  
  195  15:28  Assimilator  
  195  15:32  Assimilator  
Show
View Real Time Build Order
Export as new Build Order

HoldTheDoor Protoss 

Build Orders: Oracle Opening, Carriers 

Get SALT Encoding   

  12  0:00  Probe  
  13  0:12  Probe  
  14  0:22  Pylon  
  14  0:25  Probe  
  15  0:36  Probe  
  16  0:43  Gateway  
  16  0:44  Probe  
  16  0:48  Assimilator  
  17  0:55  Probe, Assimilator  
  18  1:07  Probe  
  19  1:18  Gateway  
  19  1:19  Probe  
  20  1:34  Probe  
  20  1:35  Cybernetics Core  
  21  1:40  Pylon  
  21  1:46  Probe  
  22  1:58  Probe  
  23  2:03  Stalker  
  23  2:04  Stalker  
  23  2:10  Probe  
  28  2:17  Warp Gate  
  28  2:25  Probe  
  29  2:31  Pylon  
  29  2:37  Probe  
  30  2:49  Nexus, Probe  
  31  2:54  Sentry, Stalker  
  35  3:08  Probe  
  36  3:20  Probe  
  36  3:22  Stargate  
  37  3:27  Stalker  
  39  3:37  Pylon  
  39  3:44  Pylon  
  39  3:55  Probe  
  40  3:58  Twilight Council  
  40  3:59  Oracle  
  40  4:03  Gateway  
  40  4:05  Gateway  
  43  4:13  Probe  
  43  4:14  Probe  
  45  4:25  Probe  
  45  4:26  Probe, Stalker  
  49  4:31  Zealot  
  49  4:37  Charge  
  51  4:39  Shield Battery  
  51  4:40  Probe  
  52  4:46  Probe  
  53  4:53  Phoenix  
  53  4:54  Probe  
  56  5:00  Probe  
  56  5:02  Zealot x2  
  56  5:06  Probe  
  62  5:07  Zealot  
  64  5:18  Probe  
  65  5:39  Probe x2  
  67  5:46  Assimilator  
  67  5:50  Assimilator  
  67  5:51  Probe x2  
  67  5:52  Pylon  
  67  5:53  Forge  
  67  5:55  Pylon  
  69  6:03  Pylon  
  69  6:06  Protoss Air Weapons Level 1  
  69  6:10  Phoenix  
  71  6:11  Probe x2, Protoss Ground Weapons Level 1  
  73  6:23  Probe  
  74  6:28  Probe  
  75  6:39  Probe, Nexus  
  76  6:40  Pylon  
  76  6:41  Probe  
  76  6:43  Pylon  
  76  6:45  Pylon  
  77  6:48  Zealot  
  77  6:49  Zealot x3  
  77  6:51  Probe  
  77  6:53  Blink  
  86  6:57  Pylon  
  86  6:59  Probe  
  87  7:01  Pylon  
  87  7:04  Photon Cannon  
  87  7:07  Photon Cannon  
  87  7:11  Photon Cannon  
  87  7:16  Pylon  
  87  7:17  Photon Cannon  
  87  7:18  Shield Battery  
  87  7:20  Pylon  
  87  7:24  Photon Cannon  
  87  7:28  Photon Cannon  
  87  7:30  Shield Battery  
  87  7:33  Probe  
  87  7:34  Zealot  
  87  7:36  Sentry  
  92  7:38  Sentry  
  92  7:40  Zealot  
  96  7:49  Templar Archives  
  96  7:57  Protoss Air Armor Level 1  
  82  8:23  Protoss Ground Armor Level 1  
  82  8:26  Zealot  
  78  8:27  Zealot x3  
  78  8:40  Phoenix  
  80  8:53  High Templar x4  
  88  8:57  Archon x2  
  88  9:02  Gateway  
  88  9:04  Gateway x2  
  88  9:05  Gateway  
  88  9:08  Gateway  
  88  9:10  Gateway  
  88  9:13  Gateway  
  88  9:15  Gateway  
  88  9:17  Gateway  
  88  9:20  Gateway  
  88  9:22  Gateway, Fleet Beacon  
  88  9:24  Gateway, Pylon  
  88  9:27  Pylon  
  88  9:30  Pylon  
  88  9:32  Probe  
  88  9:33  Probe x2  
  88  9:35  High Templar x4  
  99  9:39  Archon x2  
  99  9:44  Assimilator, Probe  
  99  9:45  Probe  
  101  9:50  Assimilator  
  101  10:03  Pylon  
  101  10:09  Photon Cannon  
  101  10:10  Photon Cannon  
  101  10:12  Photon Cannon  
  101  10:13  Pylon  
  101  10:15  Probe x2, Pylon  
  101  10:19  Protoss Ground Armor Level 2  
  103  10:23  Nexus  
  103  10:25  Pylon  
  103  10:26  Photon Cannon  
  103  10:27  Shield Battery  
  109  10:35  Carrier  
  109  10:51  Protoss Air Armor Level 2  
  109  10:56  Zealot x5  
  119  11:04  Photon Cannon  
  119  11:06  Probe x3  
  122  11:18  Probe x3, Anion Pulse-Crystals  
  125  11:30  Forge  
  125  11:33  Stargate  
  125  11:35  Stargate  
  131  11:40  Carrier  
  131  11:42  Probe x3  
  131  11:45  Assimilator  
  134  11:48  Assimilator  
  134  12:01  Photon Cannon  
  134  12:08  Zealot x6  
  140  12:09  Zealot x4  
  140  12:13  Pylon  
  154  12:19  Carrier  
  160  12:26  Carrier  
  160  12:29  High Templar x2  
  170  12:30  High Templar x2  
  170  12:31  High Templar  
  170  12:32  High Templar  
  170  12:35  Archon x2  
  170  12:36  Archon  
  178  12:40  Protoss Ground Armor Level 3  
  178  12:43  Protoss Ground Weapons Level 2  
  178  12:52  Photon Cannon  
  178  12:53  Photon Cannon  
  178  12:54  Photon Cannon  
  178  12:58  Shield Battery  
  178  12:59  Shield Battery  
  178  13:09  Protoss Air Weapons Level 2  
  178  13:16  Carrier  
  184  13:35  Carrier x2  
  184  13:40  Pylon  
  196  13:42  Shield Battery  
  196  13:59  Robotics Facility  
  196  14:10  Zealot x2  
  189  15:42  Stalker  
  189  15:43  Stalker x6  
  189  15:44  Stalker x2  
  149  16:02  Stalker x4  
  149  16:03  Stalker x3  
  119  16:16  Stalker x8  
  119  16:17  Stalker x2  
Tags
 
Composition
CarriersCarriers
Matchup
PvP
Replay Pack
SC2Mai2026
Spawn Locations
Cross Positions
Add a new tag
Caveats
  • Supply blocks, unpowered buildings, or Contaminate may cause inaccurate times.
  • Supply counts are checked every 10 seconds.